 Dungeon Crawl Stone Soup version 0.28-b1-25-g9875b3fc8c (webtiles) character file.

Game seed: 18404242259622775123

84 lordive the Caller (level 4, -4/24 HPs)
             Began as a Tengu Summoner on Jan 31, 2022.
             Slain by an orc (5 damage)
             ... on level 3 of the Dungeon.
             The game lasted 00:05:16 (2225 turns).

lordive the Caller (Tengu Summoner)                 Turns: 2225, Time: 00:05:17

Health: -4/24      AC:  2    Str:  9    XL:     4   Next: 45%
Magic:  2/8        EV: 12    Int: 17    God:
Gold:   63         SH:  0    Dex: 14    Spells: 2/8 levels left

rFire   . . .      SeeInvis .   (no weapon)
rCold   . . .      Faith    .   (no shield)
rNeg    . . .      Spirit   .   a - +0 robe
rPois   .          Reflect  .   (helmet restricted)
rElec   .          Harm     .   (no cloak)
rCorr   .          Rampage  .   (no gloves)
Will    .....                   (boots unavailable)
Stlth   ++........              (no amulet)
HPRegen 0.08/turn               (no ring)
MPRegen 0.11/turn               (no ring)

@: no status effects
A: beak, talons 3
a: no special abilities


You were on level 3 of the Dungeon.
You visited 1 branch of the dungeon, and saw 3 of its levels.

You collected 63 gold pieces.

Inventory:

Armour
 a - a +0 robe (worn)
Wands
 j - a wand of iceblast (9)
Scrolls
 b - a scroll of enchant weapon {unknown}
 d - a scroll of enchant armour {unknown}
 h - a scroll of immolation {unknown}
 i - a scroll of brand weapon {unknown}
 k - a scroll of identify {unknown}
Potions
 c - a potion of brilliance {unknown}
 e - a potion of heal wounds {unknown}
 f - a potion of might {unknown}
 g - a potion of attraction {unknown}
 l - a potion of curing {unknown}


   Skills:
 + Level 2.2 Dodging
 - Level 2.0 Stealth
 + Level 2.6 Spellcasting
 * Level 6.5 Summonings


You had 2 spell levels left.
You knew the following spells:

 Your Spells              Type           Power      Damage    Failure   Level
a - Summon Small Mammal   Summ           96%        N/A       1%          1
b - Call Imp              Summ           24%        N/A       1%          2
c - Call Canine Familiar  Summ           24%        N/A       3%          3

Your spell library contained the following spells:

 Spells                   Type           Power      Damage    Failure   Level
 Animate Skeleton         Necr           4%         N/A       19%         1
 Foxfire                  Conj/Fire      8%         2x1d4     19%         1
 Pain                     Necr           8%         1d4       19%         1
 Sandblast                Erth           4%         2d4       19%         1
 Passwall                 Tmut/Erth      1%         N/A       28%         2
 Summon Guardian Golem    Hex/Summ       13%        N/A       14%         3
 Summon Lightning Spire   Summ/Air       13%        N/A       43%         4
 Conjure Flame            Conj/Fire      2%         6-21      50%         3
 Inner Flame              Hex/Fire       2%         N/A       50%         3
 Stone Arrow              Conj/Erth      4%         3d7       50%         3
 Vampiric Draining        Necr           2%         2d6       50%         3
 Flame Wave               Conj/Fire      2%         2d4       88%         4


Dungeon Overview and Level Annotations

Branches:
Dungeon (3/15)

Altars:

Annotations:
D:3 Robin


Innate Abilities, Weirdness & Mutations

You have a beak for a mouth.
You have claws for feet.


Message History

The hobgoblin dies!
Robin roars a battlecry!
The goblins go into a battle-frenzy!
The goblin shoots a stone.
The stone hits you.
A goblin comes into view. It is wielding a +0 dagger.
You hear a shout!
Robin says, "Bow before me, strongest of all the hobgoblins!"
Robin throws the goblin at you!
A goblin comes into view. It is wielding a +0 dagger.
Your hound bites Robin.
Your crimson imp blinks!
Unknown command.
Your hound bites Robin but does no damage.
The goblin shoots a stone.
The stone hits your crimson imp. The goblin hits you with a +0 dagger.
The goblin shoots a stone.
The stone hits your crimson imp but does no damage.
Robin closely misses your hound.
Your quokka closely misses the goblin.
The orc hits you with a +0 short sword.
* * * LOW HITPOINT WARNING * * *
Your rat barely misses the goblin.
Your crimson imp hits the goblin.
The goblin dies!
Your hound closely misses Robin.
Robin says, "My goblins will feast on your bones."
Robin barely misses your hound.
The goblin shoots a stone.
The stone barely misses your crimson imp.
The stone hits the orc.
Your hound bites Robin.
The orc hits you with a +0 short sword.
* * * LOW HITPOINT WARNING * * *
Your crimson imp barely misses the orc.
Your quokka bites the orc.
Your hound closely misses Robin.
The goblin shoots a stone.
The stone misses your crimson imp.
The stone closely misses the orc.
The stone hits you.
* * * LOW HITPOINT WARNING * * *
The goblin shoots a stone.
The stone hits your crimson imp but does no damage.
Robin hits your hound with a +0 spear.
A goblin comes into view. It is wielding a +0 club.
Your rat bites the orc but does no damage.
The orc hits you with a +0 short sword.
You die...

#.. ... #..
... ##......
#....#.#
#....#.# .
#......# ...
#....).##.....
#....r@.......
#....ro####.#.
#.....5#
####)#gg #h#g.
#g#... g g.#.
. ..#..


You could see Robin (ally target), an orc (ally target), 5 goblins, a friendly
hound (summoned), a friendly crimson imp (summoned), a friendly quokka
(summoned) and a friendly rat (summoned).

Vanquished Creatures (collateral kills)
  2 adders (D:2)
  3 worms (D:2)
  5 ball pythons (D:2)
  2 bats (D:1)
  5 endoplasms
  3 giant cockroaches (D:1)
  10 goblins
  5 hobgoblins
  7 jackals
  A kobold (D:1)
  A quokka (D:1)
  3 frilled lizards
  2 rats (D:2)
49 creatures vanquished.

Vanquished Creatures (others)
  A hobgoblin (D:2)
  2 demonic plants (D:1)
3 creatures vanquished.

Grand Total: 52 creatures vanquished

Notes
Turn   | Place    | Note
-------+----------+-------------------------------------------
     0 | D:1      | lordive the Tengu Summoner began the quest for the Orb.
     0 | D:1      | Reached XP level 1. HP: 10/10 MP: 4/4
   294 | D:1      | Reached skill level 5 in Summonings
   355 | D:1      | Reached XP level 2. HP: 15/15 MP: 6/6
   358 | D:1      | Learned a level 2 spell: Call Imp
   932 | D:1      | Reached XP level 3. HP: 19/19 MP: 3/7
  1035 | D:1      | Found a faded altar of an unknown god.
  1035 | D:1      | Noticed a hellwing
  1105 | D:1      | Learned a level 3 spell: Call Canine Familiar
  1648 | D:2      | Reached skill level 6 in Summonings
  1723 | D:2      | Reached XP level 4. HP: 23/24 MP: 4/8
  2217 | D:3      | Noticed Robin
  2225 | D:3      | HP: 1/24 [goblin/stone[Robin] (1)]
  2225 | D:3      | Slain by an orc

Illustrated notes

Levels and vault maps discovered:
D:1:      amcnicky_arrival_underground_garden, layout_loops_ring,
          dreamdust_ecumenical_altar_sealed_demon
D:2:      layout_rooms, lemuel_old_faithful
D:3:      layout_basic, uniq_robin

Skill      XL: |  1  2  3 |
---------------+----------+-----
Summonings     | 5 6 |  6.5
Dodging        | |  2.2
Stealth        | |  2.0
Spellcasting   | |  2.6

Action                   |  1- 3 |  4- 6 || total
-------------------------+-------+-------++-------
 Cast: Summon Small Mamm |    38 |     4 ||    42
       Call Imp          |    13 |     1 ||    14
       Call Canine Famil |     1 |     4 ||     5
Armor: Robe              |    10 |     4 ||    14
Dodge: Dodged            |    20 |    11 ||    31
